 Dungeon Crawl Stone Soup version 0.28.0 (webtiles) character file.

Game seed: 9062146072800599371

1042 Host24 the Quickloader (level 8, -2/43 (46) HPs)
             Began as a Kobold Hunter on Feb 5, 2022.
             Was a Believer of Okawaru.
             Slain by a wight (10 damage)
             ... on level 5 of the Dungeon.
             The game lasted 00:12:21 (7167 turns).

Host24 the Quickloader (Kobold Hunter)              Turns: 7167, Time: 00:12:22

HP:   -2/43 (46)    AC:  5    Str: 11    XL:     8   Next: 49%
MP:   11/11         EV: 15    Int: 19    God:    Okawaru [**....]
Gold: 271           SH:  0    Dex: 15    Spells: 7/7 levels left

rFire   . . .      SeeInvis .   a - +1 hand crossbow
rCold   . . .      Faith    .   (no shield)
rNeg    . . .      Spirit   .   c - +0 leather armour
rPois   .          Reflect  .   (no helmet)
rElec   .          Harm     .   t - +0 cloak
rCorr   .          Rampage  .   (no gloves)
Will    .....                   D - +0 pair of boots
Stlth   +++.......              (no amulet)
HPRegen 0.14/turn               e - +6 ring of intelligence
MPRegen 0.12/turn               (no ring)

@: drained
A: small, no large weapons, nightstalker 3
a: Renounce Religion, Heroism


You were on level 5 of the Dungeon.
You worshipped Okawaru.
Okawaru was pleased with you.
You visited 1 branch of the dungeon, and saw 5 of its levels.

You collected 271 gold pieces.

Inventory:

Hand Weapons
 a - a +1 hand crossbow (weapon)
 b - the +5 short sword of Nemelex Xobeh's Favour {antimagic, rPois Will+ Int-4}
   (You found it on level 2 of the Dungeon)

   It reduces the magical energy of the wielder, and disrupts the spells and
   magical abilities of those it strikes.
   Natural abilities and divine invocations are not affected.
   Int:       It affects your intelligence (-4).
   rPois:     It protects you from poison.
   Will:      It increases your willpower.
 l - a +1 dagger of electrocution
 w - the +5 mace "Okhlio" {elec, *Rage Dex+6}
   (You found it on level 4 of the Dungeon)

   It occasionally discharges a powerful burst of electricity upon striking a
   foe.
   Dex:       It affects your dexterity (+6).
   *Rage:     It berserks you when you make melee attacks (+20% chance).
Missiles
 d - 13 bolts (quivered ammo)
 j - 154 stones
 o - 10 poisoned darts
 r - 14 arrows
 s - 5 boomerangs
 A - 4 javelins
 B - 22 sling bullets
Armour
 c - a +0 leather armour (worn)
 t - a +0 cloak (worn)
 D - a +0 pair of boots (worn)
Jewellery
 e - a +6 ring of intelligence (left hand)
Wands
 n - a wand of charming (6)
 v - a wand of paralysis (8)
Scrolls
 i - a scroll of fear {unknown}
 m - a scroll of teleportation {unknown}
 q - a scroll of vulnerability {unknown}
 u - 6 scrolls of identify {unknown}
 x - a scroll of magic mapping {unknown}
 y - a scroll of amnesia {unknown}
Potions
 f - a potion of ambrosia {unknown}
 g - a potion of haste {unknown}
 h - 3 potions of curing {unknown}
 k - a potion of degeneration {unknown}
 p - 3 potions of resistance {unknown}
 z - a potion of mutation {unknown}
 C - a potion of brilliance {unknown}


   Skills:
 - Level 3.0 Fighting
 - Level 10.0 Crossbows
 - Level 4.5 Dodging
 - Level 1.3 Stealth
 + Level 4.6 Invocations


You had 7 spell levels left.
You didn't know any spells.
Your spell library contained the following spells:

 Spells                   Type           Power      Damage    Failure   Level
 Frozen Ramparts          Ice            0%         1d2       63%         3
 Ice Form                 Ice/Tmut       0%         N/A       95%         4
 Summon Ice Beast         Ice/Summ       Unusable   N/A       N/A         4

Dungeon Overview and Level Annotations

Branches:
Dungeon (5/15)
 Temple: D:4-7

Altars:
Okawaru
Trog
The Shining One

Shops:
D:2 :

Annotations:
D:4 3 runed translucent doors


Innate Abilities, Weirdness & Mutations

You are small and have problems with some larger weapons.
You are completely attuned to the shadows.


Message History

Fire: 19 bolts
Press: ? - help, Q - select action, (/) - cycle Shift-Dir - straight line, f/p - wight
Aim: a wight, wielding a +3 trident and wearing a +0 robe (severely damaged, 69% to hit)
You shoot a bolt.
The bolt hits the wight but does no damage.
The wight is severely damaged.
The wight hits you from afar with a +3 trident.
Fire: 18 bolts
Press: ? - help, Q - select action, (/) - cycle Shift-Dir - straight line, f/p - wight
Aim: a wight, wielding a +3 trident and wearing a +0 robe (severely damaged, 69% to hit)
You shoot a bolt. The bolt hits the wight.
The wight is almost destroyed.
The wight hits you from afar with a +3 trident.
Fire: 17 bolts
Press: ? - help, Q - select action, (/) - cycle Shift-Dir - straight line, f/p - wight
Aim: a wight, wielding a +3 trident and wearing a +0 robe (almost destroyed, 69% to hit)
You shoot a bolt. The bolt closely misses the wight.
The wight misses you.
Fire: 16 bolts
Press: ? - help, Q - select action, (/) - cycle Shift-Dir - straight line, f/p - wight
Aim: a wight, wielding a +3 trident and wearing a +0 robe (almost destroyed, 69% to hit)
You shoot a bolt. The bolt hits the wight.
The wight is almost destroyed.
The wight hits you from afar with a +3 trident!
You feel drained.
Fire: 15 bolts
Press: ? - help, Q - select action, (/) - cycle Shift-Dir - straight line, f/p - wight
Aim: a wight, wielding a +3 trident and wearing a +0 robe (almost destroyed, 69% to hit)
You shoot a bolt. The bolt hits the wight.
The wight is almost destroyed.
The wight hits you from afar with a +3 trident!
* * * LOW HITPOINT WARNING * * *
You feel drained.
* * * LOW HITPOINT WARNING * * *
Fire: 14 bolts
Press: ? - help, Q - select action, (/) - cycle Shift-Dir - straight line, f/p - wight
Aim: a wight, wielding a +3 trident and wearing a +0 robe (almost destroyed, 69% to hit)
You shoot a bolt. The bolt closely misses the wight.
The wight hits you from afar with a +3 trident!
You die...

.########
((z.@...#
........#
######
######..#
......
......#
....##
#######.#
......
#.....#.#
......
#.###.#.#
#.....
#.#...#.#
......
#.#.###)#


You could see a wight.

Vanquished Creatures
  A sky beast (D:5)
  2 ogres
  2 phantoms (D:5)
  2 scorpions (D:5)
  A water moccasin skeleton (D:4)
  2 wights (D:5)
  A bullfrog zombie (D:5)
  3 orc priests
  A bullfrog skeleton (D:4)
  An iguana (D:4)
  An orc wizard (D:3)
  A scorpion zombie (D:5)
  4 gnolls (D:4)
  4 adders
  3 dart slugs
  5 orcs
  5 endoplasms
  5 giant cockroaches
  3 goblins
  11 hobgoblins
  4 jackals (D:1)
  3 quokkas
  6 ball pythons
  4 bats
  6 frilled lizards
  9 kobolds
  8 rats
98 creatures vanquished.

Vanquished Creatures (others)
  An endoplasm (D:3)
  45 plants (D:3)
46 creatures vanquished.

Grand Total: 144 creatures vanquished

Notes
Turn   | Place    | Note
-------+----------+-------------------------------------------
     0 | D:1      | Host24 the Kobold Hunter began the quest for the Orb.
     0 | D:1      | Reached XP level 1. HP: 12/12 MP: 1/1
   124 | D:1      | Reached skill level 5 in Crossbows
   141 | D:1      | Reached XP level 2. HP: 9/18 MP: 2/2
   682 | D:1      | Reached XP level 3. HP: 12/23 MP: 3/3
   985 | D:1      | Found a faded altar of an unknown god.
  1460 | D:2      | Identified the +5 short sword of Nemelex Xobeh's Favour
                  | {antimagic, rPois Will+ Int-4}
  1702 | D:2      | Found Vehac's Book Emporium.
  1731 | D:2      | Reached XP level 4. HP: 28/28 MP: 1/4
  1898 | D:3      | Found a bloodstained altar of Trog.
  2007 | D:3      | Reached skill level 6 in Crossbows
  2007 | D:3      | Reached XP level 5. HP: 2/32 MP: 2/5
  2748 | D:3      | Found an iron altar of Okawaru.
  2779 | D:3      | Became a worshipper of Warmaster Okawaru
  3287 | D:4      | Reached skill level 7 in Crossbows
  3287 | D:4      | Reached XP level 6. HP: 33/37 MP: 2/6
  3432 | D:4      | Identified the +5 mace "Okhlio" {elec, *Rage Dex+6}
  3615 | D:4      | Noticed an ogre
  3921 | D:4      | Reached skill level 8 in Crossbows
  3925 | D:4      | Killed an ogre
  3925 | D:4      | Reached * piety under Okawaru
  4177 | D:4      | Reached XP level 7. HP: 23/41 MP: 4/7
  4474 | D:4      | Found a runed translucent gate.
  4474 | D:4      | Found a runed translucent gate.
  4475 | D:4      | Found a runed translucent gate.
  4617 | D:4      | Reached skill level 9 in Crossbows
  5466 | D:5      | Entered Level 5 of the Dungeon
  6300 | D:5      | Reached skill level 10 in Crossbows
  6303 | D:5      | Found a glowing golden altar of the Shining One.
  6680 | D:5      | Reached XP level 8. HP: 23/46 MP: 8/8
  6965 | D:5      | Reached ** piety under Okawaru
  7167 | D:5      | Slain by a wight

Illustrated notes

Levels and vault maps discovered:
D:1:      evilmike_arrival_rings, layout_basic, chequers_ecumenical_altar_simple
D:2:      layout_rooms, serial_shops, nicolae_shop_competitors_out_of_business
D:3:      layout_loops_ring, amcnicky_altar_gilded, okawaru_trees_2,
          minmay_door_square, serial_bayou_lagoon_a, minmay_misc_feat_ornament
D:4:      layout_layer_cave, gammafunk_ghost_necromancy, chequers_avenue,
          minmay_diced_spiral
D:5:      layout_basic, nicolae_tso_swordbearing_angel,
          chequers_serial_rivers_micro_a, uniq_ijyb

Skill      XL: |  1  2  3  4  5  6  7  8 |
---------------+-------------------------+-----
Crossbows      | 5 6 7 8 10 | 10.0
Fighting       | 3 |  3.0
Dodging        | 3 4 |  4.5
Invocations    | 4 |  4.6
Stealth        | |  1.3

Action                   |  1- 3 |  4- 6 |  7- 9 || total
-------------------------+-------+-------+-------++-------
Melee: Short sword       |   118 |    43 |       ||   161
       Dagger            |    10 |     2 |    61 ||    73
       Punch             |     1 |       |     1 ||     2
       Mace              |       |    29 |    12 ||    41
 Fire: Hand crossbow     |    10 |    21 |    54 ||    85
Invok: Heroism           |       |     1 |       ||     1
 Stab: Sleeping          |    11 |     5 |     4 ||    20
Armor: Leather armour    |    21 |     7 |     9 ||    37
Dodge: Dodged            |   129 |    54 |    81 ||   264
